 Dungeon Crawl Stone Soup version 0.17-a0-1942-g46ae386 (webtiles) character file.

123 Medar the Chiller (level 5, 0/24 HPs)
             Began as a Vine Stalker Ice Elementalist on Sept 30, 2015.
             Slain by Natasha (8 damage)
             ... on level 2 of the Dungeon.
             The game lasted 00:08:12 (2596 turns).

Medar the Chiller (Vine Stalker Ice Elementalist)   Turns: 2596, Time: 00:08:12

Health: 0/24       AC:  3    Str: 10    XL:     5   Next: 7%
Magic:  0/9        EV: 12    Int: 16    God:
Gold:   108        SH:  0    Dex: 15    Spells: 3 memorised, 3 levels left

rFire  . . .     SeeInvis .     (no weapon)
rCold  . . .     Clarity  .     a - +0 robe
rNeg   . . .     SustAt   .     (no shield)
rPois  .         Gourm    .     (no helmet)
rElec  .         Spirit   +     (no cloak)
rCorr  .         Warding  .     d - +0 pair of gloves
rMut   .         Stasis   .     (no boots)
MR     .....                    (no amulet)
Stlth  ++........               (no ring)
                                e - ring of flight

@: slowed, very slow, not resistant to hostile enchantments, unstealthy
A: fangs 2, regeneration 1, magic shield, antimagic bite, no device heal 3, rot
immunity
a: Evoke Flight


You were on level 2 of the Dungeon.
You were not hungry.

You visited 1 branch of the dungeon, and saw 2 of its levels.

You collected 108 gold pieces.

Inventory:

Missiles
 i - 6 poisoned needles
Armour
 a - a +0 robe (worn)
 d - a +0 pair of gloves (worn)
 s - a +0 pair of boots
Jewellery
 e - a ring of flight (left hand)
Magical devices
 y - a wand of slowing (11)
Scrolls
 j - 3 scrolls of recharging
 k - a scroll of fear
 m - a scroll of identify {unknown}
 n - 2 scrolls of remove curse {unknown}
 q - a scroll of magic mapping {unknown}
 t - a scroll of teleportation {unknown}
 u - a scroll of random uselessness {unknown}
 w - a scroll of amnesia {unknown}
Potions
 g - a potion of magic {unknown}
 o - a potion of haste {unknown}
 p - a potion of mutation {unknown}
 r - a potion of flight {unknown}
 v - a potion of cancellation {unknown}
 z - a potion of poison {unknown}
Books
 b - a book of Frost

   Spells                             Type                      Level
   a - Freeze                         Ice                          1
   b - Throw Frost                    Conjuration/Ice              2
   c - Ozocubu's Armour               Charms/Ice                   3
   d - Throw Icicle                   Conjuration/Ice              4
   e - Summon Ice Beast               Ice/Summoning                4
   f - Condensation Shield            Ice                          4
Comestibles
 c - a bread ration {@e1}
 f - 2 meat rations {@e2}
 h - 2 slices of pizza
 x - a beef jerky


   Skills:
 - Level 1.5 Dodging
 - Level 2.4 Stealth
 + Level 2.5 Spellcasting
 + Level 2.6 Conjurations
 - Level 1.0 Charms
 + Level 4.5 Ice Magic


You had 3 spell levels left.
You knew the following spells:

 Your Spells              Type           Power        Failure   Level  Hunger
c - Throw Frost           Conj/Ice       ##....       10%         2    ##.....
q - Ozocubu's Armour      Chrm/Ice       ##......     21%         3    ###....
x - Freeze                Ice            ###.         3%          1    #......


Dungeon Overview and Level Annotations

Branches:
Dungeon (2/15)

Altars:

Annotations:
D:2 Natasha


Innate Abilities, Weirdness & Mutations

You have extremely sharp teeth.
Your natural rate of healing is unusually fast.
When hurt, damage is shared between your health and your magic reserves.
Your bite disrupts and absorbs the magic of your enemies.
Potions and wands cannot restore your health.
You are immune to rotting.


Message History

Confirm with . or Enter, or press ? or * to list all spells.
Aiming: Freeze
Press: ? - help, Shift-Dir - straight line, f - Natasha, p - crimson imp
Aim: Natasha (unusually strong)
You freeze Natasha.
Natasha is moderately wounded.
The crimson imp misses you. Natasha casts a spell at you.
The magic dart hits you!
* * * LOW HITPOINT WARNING * * *
Casting: Freeze
Confirm with . or Enter, or press ? or * to list all spells.
Aiming: Freeze
Press: ? - help, Shift-Dir - straight line, f/p - Natasha
Aim: Natasha (moderately wounded, unusually strong)
You freeze Natasha.
Natasha is moderately wounded.
The crimson imp closely misses you. Natasha closely misses you.
The crimson imp misses you. Natasha claws you!
You die...

**############
*,......5@h5.#
*,##########.######## *,*
#...##)5......# *,*
*,#5....#####.#
*,****#h..##..# #.#
*,,,,...#,....# #.#
*,,,,.#,..##..# #.######
*,,,,,*#.**#..#####.#....#
*,,,,,..,* #........#.##..


You could see Natasha, a crimson imp and a white imp.

Vanquished Creatures
  Natasha (D:2)
  3 adders (D:2)
  A gnoll (D:1)
  An ooze (D:2)
  A worm (D:2)
  2 giant geckos
  4 giant cockroaches
  6 hobgoblins
  7 kobolds
  2 quokkas (D:2)
  A ball python (D:2)
  3 bats
  3 giant newts
  11 goblins
  7 rats
53 creatures vanquished.

Notes
Turn   | Place    | Note
--------------------------------------------------------------
     0 | D:1      | Medar the Vine Stalker Ice Elementalist began the quest for the Orb.
     0 | D:1      | Reached XP level 1. HP: 9/9 MP: 4/4
   252 | D:1      | Reached XP level 2. HP: 11/13 MP: 3/6
   329 | D:1      | Learned a level 2 spell: Throw Frost
  1172 | D:1      | Reached XP level 3. HP: 7/16 MP: 0/7
  1209 | D:1      | Learned a level 3 spell: Ozocubu's Armour
  1294 | D:2      | Noticed Natasha
  1360 | D:2      | Reached skill level 4 in Ice Magic
  1685 | D:2      | Reached skill level 1 in Charms
  1685 | D:2      | Reached XP level 4. HP: 18/21 MP: 2/8
  2345 | D:2      | Killed Natasha
  2345 | D:2      | Reached XP level 5. HP: 20/24 MP: 2/9
  2584 | D:2      | Noticed Natasha
  2596 | D:2      | Slain by Natasha

Vault maps used:
D:1:      erik_arrival_cave_to_civilisation
D:2:      uniq_natasha

Action                   |  1- 3 |  4- 6 || total
-------------------------+-------+-------++-------
Melee: Unarmed           |    10 |     6 ||    16
 Cast: Freeze            |    51 |    38 ||    89
       Throw Frost       |     3 |       ||     3
       Ozocubu's Armour  |       |     1 ||     1
  Use: Scroll            |     2 |       ||     2
  Eat: Chunk             |     3 |     4 ||     7
